Map: Disco Bloodbath LE

Players

Maru

  • Race: Terran Terran
  • Spawn Location: 3:00

TIME (Oliveira) - Winner!

  • Race: Terran Terran
  • Spawn Location: 9:00

Event: 2019 WCS Global FInals

VOD

Have the link to the VOD?

Description

Time

  • Played on: Oct. 24, 2019, 11:50 p.m.
  • Length: 14:04

All games in this series

Show
View Real Time Build Order
Export as new Build Order

Maru Terran 

Build Orders: Gas First Reaper Expand 

Get SALT Encoding   

  12  0:00  SCV  
  13  0:12  SCV  
  14  0:17  Supply Depot  
  14  0:24  SCV  
  15  0:29  Refinery  
  15  0:38  SCV  
  16  0:43  Barracks  
  16  0:50  SCV  
  17  1:02  SCV  
  18  1:14  SCV  
  19  1:30  Reaper, Orbital Command  
  20  1:44  Command Center  
  20  1:55  SCV  
  21  2:01  Factory  
  21  2:02  Marine  
  21  2:08  Supply Depot  
  22  2:12  SCV  
  23  2:19  Refinery  
  23  2:29  Reaper, SCV  
  25  2:41  SCV  
  26  2:44  Hellion  
  26  2:46  Starport  
  28  2:53  SCV  
  28  3:00  Orbital Command  
  28  3:02  Barracks Reactor  
  28  3:05  SCV  
  28  3:07  Factory Tech Lab  
  29  3:18  SCV  
  30  3:22  Orbital Command  
  30  3:30  SCV  
  31  3:35  Raven  
  31  3:36  Refinery  
  31  3:38  Marine, Factory Tech Lab  
  31  3:39  Marine  
  35  3:42  SCV  
  35  3:47  SCV  
  37  3:52  Supply Depot  
  37  3:54  SCV  
  38  3:58  Marine x2  
  38  4:00  SCV  
  38  4:02  Siege Tank  
  44  4:06  SCV  
  45  4:12  SCV  
  45  4:13  Command Center  
  46  4:18  SCV  
  46  4:24  SCV  
  48  4:29  Barracks x2  
  48  4:30  SCV  
  49  4:32  Stimpack  
  49  4:36  SCV  
  50  4:41  Siege Tank  
  50  4:45  Supply Depot  
  53  4:46  Starport Reactor  
  53  4:48  SCV  
  54  5:01  Engineering Bay  
  54  5:03  Engineering Bay  
  54  5:06  SCV x2  
  56  5:13  Siege Tank  
  59  5:18  SCV x2  
  61  5:23  Medivac  
  61  5:24  Medivac  
  61  5:26  Barracks Reactor  
  64  5:30  SCV x2  
  64  5:32  Refinery  
  64  5:33  Marine x3  
  69  5:38  Terran Infantry Weapons Level 1  
  68  5:43  SCV x2  
  69  5:50  Marine x2, Orbital Command  
  69  5:51  Marine  
  69  5:55  Terran Infantry Armor Level 1  
  72  6:00  Siege Tank  
  72  6:02  SCV  
  72  6:03  Supply Depot  
  76  6:06  Supply Depot  
  76  6:08  Marine  
  77  6:14  Combat Shield  
  77  6:23  Marine, SCV  
  77  6:24  Marine, SCV  
  77  6:25  Orbital Command  
  77  6:27  Marine  
  77  6:28  Marine x2  
  77  6:29  Supply Depot  
  68  6:35  Siege Tank, SCV  
  68  6:36  Viking, SCV  
  75  6:41  Marine  
  75  6:42  Viking, Marine  
  79  6:49  Marine x3  
  79  6:53  SCV  
  79  6:54  SCV x2  
  85  6:55  Supply Depot  
  85  6:59  Marine  
  85  7:01  Marine  
  87  7:07  Viking, Marine x3  
  92  7:11  Siege Tank  
  92  7:12  Viking  
  92  7:13  SCV  
  90  7:16  Marine  
  90  7:19  Marine  
  90  7:20  SCV, Orbital Command  
  72  7:24  Marine  
  72  7:25  Marine x2  
  72  7:26  SCV  
  73  7:33  SCV  
  73  7:34  Marine  
  73  7:36  Marine  
  76  7:38  SCV  
  76  7:40  Medivac  
  76  7:42  Marine x3  
  82  7:45  SCV  
  82  7:46  Armory  
  82  7:48  SCV  
  82  7:50  SCV  
  85  7:52  Marine  
  85  7:57  SCV  
  87  8:00  SCV  
  87  8:02  Siege Tank, SCV  
  92  8:09  SCV, Command Center  
  94  8:12  SCV  
  94  8:14  Sensor Tower  
  94  8:16  Marine x3  
  94  8:19  SCV  
  97  8:21  SCV  
  97  8:26  Marine x2  
  99  8:28  Viking  
  99  8:32  Viking  
  99  8:33  Marine x2, SCV  
  107  8:35  SCV  
  107  8:37  SCV  
  109  8:42  Supply Depot  
  109  8:45  Terran Infantry Weapons Level 2  
  109  8:49  Terran Infantry Armor Level 2  
  109  8:53  Terran Vehicle Weapons Level 1  
  109  9:01  Supply Depot  
  109  9:02  Supply Depot  
  109  9:04  SCV x3  
  109  9:07  Siege Tank  
  115  9:11  Viking  
  115  9:15  Refinery x2  
  117  9:17  Liberator  
  117  9:21  SCV x2  
  117  9:22  SCV x2  
  121  9:29  Barracks  
  121  9:31  Barracks  
  121  9:33  SCV x2  
  121  9:34  SCV x2  
  124  9:46  Siege Tank  
  127  9:55  SCV x2  
  123  10:01  SCV  
  123  10:05  SCV  
  105  10:07  SCV x2  
  105  10:08  Marine  
  105  10:09  Marine x3  
  105  10:13  SCV  
  112  10:17  SCV  
  112  10:18  Siege Tank  
  112  10:19  SCV x2  
  116  10:22  Marine  
  116  10:25  SCV  
  116  10:26  Viking x2, Marine x2  
  116  10:27  Marine x2  
  120  10:31  Barracks Reactor x2  
  118  10:39  Liberator  
  118  10:40  Marine, Liberator  
  116  10:44  Marine x2  
  116  10:45  Marine  
  116  10:48  SCV  
  116  10:49  Marine  
  117  10:50  Siege Tank  
  123  10:57  Marine  
  123  10:59  SCV x2  
  123  11:00  SCV  
  123  11:02  Marine x2, Factory  
  132  11:10  SCV  
  132  11:11  SCV x2  
  135  11:18  Sensor Tower  
  135  11:19  Refinery  
  135  11:22  Supply Depot x2  
  135  11:27  Siege Tank  
  135  11:30  SCV  
  135  11:31  SCV  
  135  11:32  SCV  
  141  11:37  Planetary Fortress  
  141  11:39  Barracks Reactor  
  137  11:40  Marine  
  137  11:44  Marine  
  128  11:49  Marine x2  
  128  11:51  SCV  
  128  11:54  SCV  
  117  12:00  Marine x3  
  115  12:01  Siege Tank  
  115  12:03  SCV  
  115  12:05  Marine  
  115  12:07  Viking x2  
  106  12:10  SCV  
  106  12:15  SCV  
  107  12:21  SCV  
  107  12:22  SCV  
  109  12:27  SCV  
  109  12:29  Command Center  
  110  12:33  SCV  
  110  12:34  Sensor Tower, SCV  
  112  12:39  SCV  
  112  12:40  Refinery  
  112  12:43  Medivac, Marine x5  
  120  12:45  SCV  
  120  12:46  SCV  
  122  12:51  SCV  
  122  12:55  Refinery  
  122  12:56  Refinery  
  122  12:57  SCV  
  122  12:58  SCV  
  125  12:59  Supply Depot  
  125  13:00  Medivac  
  125  13:01  Marine  
  125  13:02  Marine x2  
  125  13:04  SCV  
  131  13:09  SCV  
  131  13:10  SCV  
  133  13:19  Marine  
  133  13:20  SCV  
  133  13:21  SCV  
  133  13:22  SCV  
  133  13:25  Marine x5  
  133  13:26  Siege Tank  
  129  13:32  SCV  
  129  13:33  SCV  
  129  13:34  Marine x4, SCV  
  131  13:37  Marine  
  133  13:43  Marine x2  
  133  13:44  SCV  
Show
View Real Time Build Order
Export as new Build Order

TIME Terran - Winner!

Build Orders:  

Get SALT Encoding   

  12  0:00  SCV  
  13  0:12  SCV  
  14  0:16  Supply Depot  
  14  0:24  SCV  
  15  0:38  SCV  
  15  0:40  Barracks  
  16  0:43  Refinery  
  16  0:50  SCV  
  17  1:00  Barracks  
  17  1:02  SCV  
  18  1:14  SCV  
  19  1:27  Reaper, Orbital Command  
  20  1:32  Supply Depot  
  21  1:47  Reaper  
  21  1:55  SCV  
  22  2:04  Reaper  
  23  2:13  SCV  
  23  2:14  Command Center  
  24  2:21  Marine  
  24  2:22  Refinery  
  25  2:25  SCV  
  26  2:37  SCV  
  26  2:42  Marine, Factory  
  29  2:49  SCV  
  30  3:01  SCV, Barracks Reactor  
  30  3:13  SCV  
  30  3:18  Command Center  
  31  3:26  SCV, Orbital Command  
  32  3:27  Factory Tech Lab  
  32  3:33  Starport  
  32  3:37  Marine  
  32  3:38  Marine  
  32  3:40  Barracks Tech Lab  
  34  3:41  SCV  
  35  3:51  SCV  
  35  3:53  SCV  
  37  3:57  Marine x2  
  37  4:00  Marine, Stimpack  
  40  4:03  SCV  
  40  4:06  SCV  
  40  4:07  Refinery  
  40  4:09  Supply Depot  
  42  4:11  Factory Tech Lab  
  42  4:16  SCV  
  43  4:18  SCV  
  43  4:19  Raven  
  43  4:23  Supply Depot  
  46  4:30  Marine x3, SCV  
  50  4:33  Orbital Command  
  50  4:35  SCV  
  51  4:40  Cyclone  
  51  4:42  SCV  
  55  4:47  Marine x2, SCV  
  55  4:50  Orbital Command  
  55  4:51  Marine  
  59  4:54  SCV  
  59  4:59  SCV  
  61  5:01  Barracks  
  61  5:05  Marine x2  
  61  5:06  SCV  
  64  5:09  Marine  
  64  5:10  Supply Depot  
  64  5:11  SCV  
  64  5:13  Starport Reactor, Siege Tank  
  69  5:16  SCV  
  69  5:18  SCV  
  71  5:25  SCV  
  72  5:28  Engineering Bay, SCV  
  72  5:29  Engineering Bay, Refinery  
  72  5:30  Marine  
  72  5:31  Marine x2  
  72  5:33  SCV  
  77  5:36  Supply Depot  
  77  5:39  SCV  
  78  5:47  SCV  
  78  5:48  Marine  
  78  5:49  Combat Shield, Marine  
  81  5:50  Barracks Reactor  
  81  5:51  Medivac x2  
  81  5:56  Supply Depot  
  85  5:58  SCV x2  
  85  5:59  SCV  
  85  6:00  Terran Infantry Weapons Level 1  
  85  6:01  Marine  
  89  6:08  Siege Tank  
  89  6:10  SCV  
  93  6:17  Marine x2  
  93  6:18  SCV  
  96  6:19  Marine  
  96  6:27  Marine  
  96  6:29  Medivac x2  
  96  6:30  SCV  
  101  6:33  Barracks  
  101  6:35  Supply Depot  
  101  6:36  Barracks, Supply Depot, Marine x2, SCV  
  104  6:42  SCV x2  
  104  6:44  Marine x2  
  108  6:51  SCV  
  109  6:57  Armory, Siege Tank, Marine, Refinery  
  109  6:58  Marine, Refinery  
  109  6:59  Medivac, Supply Depot x2  
  116  7:02  Viking  
  116  7:04  SCV x2  
  116  7:08  Marine  
  112  7:16  Marine  
  112  7:20  Marine  
  112  7:21  Barracks Reactor  
  112  7:22  SCV x2  
  99  7:24  Marine x2, Barracks Reactor  
  99  7:26  SCV  
  93  7:31  Siege Tank, Marine  
  93  7:32  Viking  
  93  7:33  Viking  
  93  7:34  Marine, SCV  
  103  7:37  SCV  
  103  7:38  SCV  
  103  7:44  Marine  
  105  7:45  Marine x2  
  105  7:51  Sensor Tower, Terran Infantry Armor Level 1  
  107  7:52  Marine, Command Center  
  107  7:56  Terran Infantry Weapons Level 2  
  107  7:57  SCV x2  
  107  7:58  Marine  
  111  7:59  Marine  
  111  8:00  SCV  
  111  8:01  Marine  
  114  8:05  Marine  
  114  8:06  Siege Tank  
  114  8:07  Marine  
  114  8:09  SCV  
  114  8:10  SCV  
  121  8:13  Marine  
  121  8:15  Marine x3  
  121  8:17  SCV  
  126  8:20  Terran Vehicle Weapons Level 1  
  126  8:22  Supply Depot, Marine x2, SCV  
  126  8:23  Marine  
  130  8:27  Medivac, Factory  
  130  8:30  Medivac  
  130  8:31  SCV  
  130  8:33  Marine  
  130  8:34  Supply Depot, Marine  
  137  8:35  Marine, SCV x2  
  137  8:36  Marine  
  141  8:43  Marine x2, Missile Turret x2  
  141  8:45  SCV, Missile Turret  
  141  8:47  SCV  
  145  8:48  Siege Tank  
  145  8:49  Marine  
  145  8:55  Marine x4  
  149  8:58  SCV  
  149  9:00  Marine x2, Missile Turret  
  156  9:04  Medivac, Viking  
  156  9:06  Planetary Fortress  
  160  9:10  Marine x3  
  160  9:12  Siege Tank  
  160  9:14  Marine x2  
  168  9:18  Marine x2  
  168  9:21  Supply Depot x2  
  168  9:24  Marine x2  
  172  9:41  Marine x2  
  172  9:42  Siege Tank, Marine  
  174  9:45  Marine  
  174  9:46  Marine  
  174  9:47  Marine x2  
  174  9:50  Terran Infantry Armor Level 2  
  174  9:51  Command Center  
  178  9:53  Marine  
  159  10:00  Marine  
  159  10:03  Marine x2  
  159  10:04  Siege Tank  
  159  10:05  Marine  
  139  10:08  Viking x2  
  139  10:09  Marine  
  139  10:12  Marine x2  
  139  10:13  Terran Infantry Weapons Level 3, Marine  
  139  10:14  Starport  
  147  10:16  Starport  
  147  10:17  Siege Tank, Marine, Refinery  
  147  10:18  Marine, Refinery  
  147  10:21  Marine  
  147  10:22  Marine  
  147  10:23  Marine  
  147  10:27  Marine  
  147  10:28  Terran Vehicle Weapons Level 2  
  145  10:30  Marine x2  
  145  10:32  Marine  
  145  10:35  Marine x2  
  149  10:38  Marine  
  149  10:40  Marine  
  149  10:41  Marine  
  151  10:45  Siege Tank, Marine  
  151  10:48  Marine x2  
  152  10:50  Marine  
  152  10:53  Marine x2  
  152  10:56  Viking, Marine  
  152  10:57  Viking, Siege Tank  
  160  10:59  Marine x2, SCV  
  160  11:03  Starport Reactor, Marine  
  167  11:06  Marine  
  167  11:09  Fusion Core, Marine x2  
  167  11:10  Marine  
  171  11:11  Marine  
  171  11:12  SCV  
  171  11:14  Marine  
  171  11:16  Starport Tech Lab  
  171  11:17  Marine x2  
  173  11:21  Marine  
  173  11:23  Marine  
  173  11:24  Siege Tank  
  178  11:26  Marine  
  178  11:27  Marine  
  178  11:28  Marine  
  181  11:36  Marine  
  181  11:38  Marine  
  181  11:39  Marine  
  177  11:43  Marine x2  
  177  11:44  Siege Tank  
  169  11:48  Marine  
  169  11:49  Marine  
  169  11:50  Viking  
  169  11:51  Viking x2  
  167  11:54  Viking, Marine  
  167  11:58  Marine  
  166  12:04  Marine  
  166  12:05  Siege Tank, Marine x2  
  166  12:06  Marine  
  160  12:09  Planetary Fortress  
  160  12:13  Marine x2, Advanced Ballistics  
  160  12:15  Viking  
  163  12:16  Siege Tank, Marine x2  
  163  12:17  Liberator x2  
  163  12:20  Armory, Viking  
  163  12:21  Marine  
  163  12:22  Marine  
  163  12:24  Viking  
  163  12:27  Marine  
  172  12:38  Marine x2  
  172  12:39  Liberator  
  172  12:40  Marine, Liberator  
  172  12:43  Marine, Missile Turret  
  179  12:44  Siege Tank  
  179  12:49  Medivac  
  179  12:50  Marine  
  182  12:53  Marine  
  182  12:54  Marine  
  182  12:55  Marine  
  191  13:01  Marine  
  192  13:06  Marine  
  192  13:10  Refinery x2, Command Center  
  193  13:13  Marine x2  
  189  13:21  Marine  
  189  13:22  Marine x2  
  189  13:25  Marine x2  
  189  13:27  Marine  
  189  13:29  Marine  
  191  13:35  Marine  
  191  13:36  Marine  
  191  13:40  Marine x2  
  195  13:42  Marine  
Tags
 
Add a new tag
Caveats
  • Supply blocks, unpowered buildings, or Contaminate may cause inaccurate times.
  • Supply counts are checked every 10 seconds.